AoeStats
← Kanyaga

Arabia

508003529Analyzed
1v1 RM · 13d ago on Sep 20, 2026· 46m 9s· 2 players
Game mode
Random Map
Map size
Tiny (2 player)
Population
200
Speed
Normal
Resources
Standard
Victory
Conquest
Starting age
Dark Age
Ending age
Imperial Age
RankedLock teamsTeams togetherTeam positionsShared explorationLock speedFull tech treeHidden civsTurbo modeCheats
Victory
Defeat
🇮🇹 Bulgarians · Italy
1423
+17
🇹🇷 Mongols · Türkiye
1454
-17
JeanLuc Petard
13:43 Feudal Age
12:09 Loom
18:24 Castle Age
19:27 Scale Mail Armor
28:39 Scale Barding Armor
30:18 Chain Barding Armor
31:28 Fletching
34:34 Bodkin Arrow
36:42 Husbandry
36:53 Bloodlines
38:02 Chain Mail Armor
44:07 Ballistics
44:59 Squires
44:44 Gambesons
45:18 Double-Bit Axe
Kanyaga
6:46 Loom
11:12 Feudal Age
12:09 Double-Bit Axe
12:06 Horse Collar
16:55 Wheelbarrow
21:21 Castle Age
20:37 Stone Mining
22:35 Bow Saw
27:33 Fletching
44:09 Ballistics
Connection lost

Rejoining the realm…

Still unreachable

The connection could not be restored.

Session expired

The server has moved on; the page needs a fresh start.